 Dungeon Crawl Stone Soup version 0.15-a0-1253-g15b4f57 (webtiles) character file.

135 Quh the Charmwright (level 4, -5/30 HPs)
             Began as a High Elf Skald on June 4, 2014.
             Killed by divine providence
             ... invoked by an orc priest
              (12 damage)
             ... on Level 3 of the Dungeon.
             The game lasted 00:13:23 (3289 turns).

Quh the Charmwright (High Elf Skald)                Turns: 3289, Time: 00:13:23

HP  -5/30        AC  4     Str 11      XL: 4   Next: 97%
MP   7/11        EV 11     Int 16      God:
Gold 77          SH  0     Dex 15      Spells:  3 memorised,  1 level left

rFire  . . .     SeeInvis .     o - +1,+3 dagger (flame)
rCold  . . .     Clarity  .     q - +0 leather armour
rNeg   . . .     rCorr    .     (no shield)
rPois  .         rRot     .     (no helmet)
rElec  .         Spirit   .     (no cloak)
SustAb .         Warding  .     (no gloves)
rMut   .         Stasis   .     B - +0 pair of boots
Gourm  .                        (no amulet)
MR     .....                    (no ring)
                                (no ring)

@: not resistant to hostile enchantments, very unstealthy
A: no striking features
a: no special abilities


You were on level 3 of the Dungeon.
You were hungry.

You visited 1 branch of the dungeon, and saw 3 of its levels.

You collected 77 gold pieces.

Inventory:

Hand weapons
 a - a +0,+0 short sword
 g - a +0,+0 short sword
 k - a +0,+0 short sword
 o - a +1,+3 dagger of flaming (weapon)
Missiles
 j - 27 stones (quivered)
 y - 7 sling bullets of flame
Armour
 b - a +0 leather armour
 l - a +0 pair of boots
 q - a +0 leather armour (worn)
 B - a +0 pair of boots (worn)
Comestibles
 d - a bread ration
 i - 2 meat rations
 n - a slice of pizza
 s - a chunk of worker ant flesh
Scrolls
 f - a scroll of immolation {unknown}
 h - a scroll of enchant armour {unknown}
 m - 2 scrolls of identify
 p - a scroll of remove curse
 r - a scroll of teleportation {unknown}
 v - a scroll of enchant weapon II
 x - 2 scrolls of fear
 z - a scroll of recharging {unknown}
Potions
 e - a potion of curing
 t - a potion of degeneration
 u - a potion of confusion {unknown}
 w - a potion of lignification {unknown}
Books
 c - a book of Battle

   Spells                             Type                      Level
   *Infusion                          Charms                       1
   *Shroud of Golubria                Charms/Translocation         2
   Song of Slaying                    Charms                       2
   Spectral Weapon                    Hexes/Charms                 3
   *Regeneration                      Charms/Necromancy            3


   Skills:
 + Level 2.9 Fighting
 * Level 3.8 Short Blades
 - Level 0.8 Armour
 * Level 2.6 Dodging
 - Level 2.4 Spellcasting
 * Level 4.7 Charms


You had one spell level left.
You knew the following spells:

 Your Spells              Type           Power        Failure   Level  Hunger
a - Infusion              Chrm           ###...       3%          1    #......
b - Shroud of Golubria    Chrm/Tloc      #.........   14%         2    ##.....
c - Regeneration          Chrm/Necr      #.........   28%         3    ####...


Dungeon Overview and Level Annotations

Branches:
Dungeon (3/15)

Altars:


Message History

The worm is lightly wounded.
The goblin hits you.
You puncture the worm! You burn the worm.
The worm is severely wounded.
The goblin hits you.
Your shroud falls apart!
The orc priest misses you. The worm closely misses you.
You hit the worm. You burn the worm.
The worm is severely wounded.
The goblin misses you.
You hit the worm. You burn the worm.
The worm is almost dead.
The orc priest barely misses you. The goblin closely misses you.
The worm bites you.
* * * LOW HITPOINT WARNING * * *
You hit the worm. You burn the worm.
You kill the worm!
The orc priest invokes the aid of Beogh against you.
Something smites you!
You die...

#..# #..#
....#####..#
..........?..#
.......w......#
...a....#####..#
.........# #%.#
.........# #o<#
#........# #.@#
#........# #.g#
#....g.<.# #..#
#........## #..#
##........... .(.#
...............(.#
.......wo.#####..#
#...%g.o.# #..#
#..?<....# #..#


You could see an orc priest and a goblin.

Vanquished Creatures
  A worker ant (D:2)
  Ijyb (D:2)
  2 adders (D:2)
  A giant mite (D:3)
  3 worms
  3 orcs
  2 giant cockroaches
  3 hobgoblins
  8 jackals (D:1)
  A quokka (D:2)
  A ball python (D:2)
  8 bats
  2 giant newts (D:1)
  6 goblins
  6 kobolds
  10 rats
58 creatures vanquished.

Notes
Turn   | Place    | Note
--------------------------------------------------------------
     0 | D:1      | Quh, the High Elf Skald, began the quest for the Orb.
     0 | D:1      | Reached XP level 1. HP: 14/14 MP: 4/4
   456 | D:1      | Reached skill level 4 in Charms
   459 | D:1      | Reached XP level 2. HP: 10/19 MP: 6/6
   692 | D:1      | Learned a level 2 spell: Shroud of Golubria
  1352 | D:1      | Reached XP level 3. HP: 24/24 MP: 1/8
  1776 | D:2      | Learned a level 3 spell: Regeneration
  2359 | D:2      | Reached XP level 4. HP: 25/30 MP: 8/11
  2966 | D:3      | Noticed Ijyb
  3140 | D:2      | Killed Ijyb
  3289 | D:3      | Killed from afar by an orc priest

Action                   |  1- 3 |  4- 6 || total
-------------------------+-------+-------++-------
Melee: Short sword       |    91 |       ||    91
       Dagger            |    53 |    50 ||   103
Throw: Stone             |     2 |       ||     2
 Cast: Infusion          |    11 |     2 ||    13
       Shroud of Golubri |    13 |     3 ||    16
       Regeneration      |       |     5 ||     5
  Use: Scroll            |     5 |       ||     5
       Potion            |       |     1 ||     1
 Stab: Sleeping          |       |     1 ||     1
